cohdb
Replays
Latest Replays
All Replays
Popular Replays
Top Player Replays
Match Explorer
How It Works
Community
CoH3 Stats
Reddit
Sign in to upload your games and track your stats! →
Sign in with Steam
Match 45239696
Unlisted
Match 45239696
Overview
Messages
Build Orders
End
Construct Barracks
Selects Airborne Battlegroup
Selects Heavy Machine Gun Paradrop
Heavy Machine Gun Paradrop
Riflemen Squad
Riflemen Squad
Riflemen Squad
Grenade Package
Mechanized Support Center
Selects Recon Loiter
Construct Motor Pool
M24 Chaffee Light Tank
Selects Supply Drop
Heavy Machine Gun Paradrop
M1918 Browning Automatic Rifles
Recon Loiter
Designate Forward Repair Station
M24 Chaffee Light Tank
M8 Greyhound Armored Car
Riflemen Squad
Engineer Squad
Supply Drop
Recon Loiter
M24 Chaffee Light Tank
Selects Carpet Bombing Run
Selects Paratrooper Squad Paradrop
Selects Anti-tank Gun Team Paradrop
Anti-tank Gun Team Paradrop
Anti-tank Gun Team Paradrop
Recon Loiter
Recon Loiter
Construct Tank Depot
M4A1 Sherman Medium Tank
M4A1 Sherman Medium Tank
Esxile
Elite_1650
Dima
CPU-NOOB
0
0
Comments
sign in to comment!
No comments posted yet!